 Dungeon Crawl Stone Soup version 0.28.0-45-g0d030f2227 (webtiles) character file.

Game seed: 1070785441884434964

63 seaoflcl the Skirmisher (level 4, -2/40 HPs)
             Began as a Hill Orc Fighter on Apr 24, 2022.
             Killed from afar by an orc wizard (8 damage)
             ... with a puff of flame
             ... on level 3 of the Dungeon.
             The game lasted 00:02:47 (2469 turns).

seaoflcl the Skirmisher (Hill Orc Fighter)          Turns: 2469, Time: 00:02:48

Health: -2/40      AC:  7    Str: 20    XL:     4   Next: 9%
Magic:  4/4        EV:  9    Int:  8    God:
Gold:   68         SH:  4    Dex: 10    Spells: 3/3 levels left

rFire   . . .      SeeInvis .   a - +0 long sword
rCold   . . .      Faith    .   c - +0 buckler
rNeg    . . .      Spirit   .   b - +0 scale mail
rPois   .          Reflect  .   (no helmet)
rElec   .          Harm     .   (no cloak)
rCorr   .          Rampage  .   (no gloves)
Will    .....                   (no boots)
Stlth   ..........              (no amulet)
HPRegen 0.13/turn               (no ring)
MPRegen 0.09/turn               (no ring)

@: no status effects
A: no striking features
a: no special abilities


You were on level 3 of the Dungeon.
You visited 1 branch of the dungeon, and saw 3 of its levels.

You collected 68 gold pieces.

Inventory:

Hand Weapons
 a - a +0 long sword (weapon)
 h - a +0 hunting sling
Missiles
 i - 19 sling bullets
Armour
 b - a +0 scale mail (worn)
 c - a +0 buckler (worn)
Wands
 m - a wand of flame (19)
Scrolls
 e - 2 scrolls of fear {unknown}
 g - a scroll of identify {unknown}
 l - a scroll of enchant weapon {unknown}
Potions
 d - a potion of might
 f - a potion of mutation {unknown}
 j - 2 potions of curing {unknown}
 k - 2 potions of flight {unknown}


   Skills:
 * Level 4.2 Fighting
 * Level 3.0 Long Blades
 * Level 3.7 Armour
 * Level 3.9 Shields
 + Level 0.1 Spellcasting


You had 3 spell levels left.
You didn't know any spells.
Your spell library contained the following spells:

 Spells                   Type           Power      Damage    Failure   Level
 Magic Dart               Conj           0%         1d3       85%         1
 Slow                     Hex            0%         N/A       85%         1
 Blink                    Tloc           0%         N/A       94%         2
 Searing Ray              Conj           0%         2d4       94%         2
 Confusing Touch          Hex            0%         N/A       99%         3
 Gell's Gravitas          Tloc           0%         N/A       99%         3
 Lesser Beckoning         Tloc           0%         N/A       99%         3
 Teleport Other           Tloc           0%         N/A       99%         3
 Vampiric Draining        Necr           0%         2d6       99%         3
 Fulminant Prism          Conj/Hex       0%         3d6       100%        4
 Manifold Assault         Tloc           0%         N/A       100%        5


Dungeon Overview and Level Annotations

Branches:
Dungeon (3/15)

Altars:
Beogh


Message History

The orc wizard points at you and mumbles some strange words.
The magic dart hits you. The orc hits you but does no damage. x2
The orc wizard hits you with a +0 dagger.
You closely miss the orc wizard.
The orc wizard is heavily wounded.
The orc hits you but does no damage. x2
The orc wizard hits you but does no damage.
You barely miss the orc wizard.
The orc wizard is heavily wounded.
The orc completely misses you. You block the orc's attack.
The orc wizard hits you but does no damage.
You hit the orc but do no damage. The orc hits you but does no damage.
The orc wizard casts a spell.
The orc wizard flickers and vanishes!
Deactivating autopickup; reactivate with Ctrl-A.
You closely miss something. You block the orc's attack. Something hits you.
You barely miss something. The orc barely misses you.
Something hits you but does no damage.
You closely miss the orc. You block the orc's attack.
The orc throws a boomerang.
Something hits you but does no damage. The orc hits you but does no damage.
Something hits you but does no damage.
You slash the orc!
You kill the orc!
The orc hits you but does no damage. The orc hits you with a +0 war axe.
Something hits you but does no damage.
You closely miss the orc. The orc misses you. The orc barely misses you.
You hear some strange, mumbled words.
Something tries to affect you, but you resist.
Something hits you.
You slash the orc!
You kill the orc!
You hear some strange, mumbled words.
A magic dart appears from out of thin air!
The magic dart hits you!
* * * LOW HITPOINT WARNING * * *
You miss something. The orc barely misses you.
You hear some strange, mumbled words.
A puff of flame appears from out of thin air!
The puff of flame hits you!
You die...

#..##.# #..##.#
#..##.####### #.##
#...........#....#
#
#.###.#####.#.....
#. #.# #.# #...#
..# ##.##.#
#.####...##.#
##...#{#
#.##........#
#...$o@#
#...........#
#....###
####.......###
#.#.. ###........
# ### ####...#####
#.....## ##
#.###.# ##. #.#.#
#.# ##.# #.#.# #.#
#... ####^#.###.#
#..#


You could see an orc.

Vanquished Creatures
  A worm (D:2)
  2 orcs (D:3)
  4 endoplasms
  5 giant cockroaches
  7 goblins
  4 hobgoblins
  A quokka (D:2)
  7 ball pythons
  5 bats
  2 frilled lizards
  9 kobolds
  3 rats
50 creatures vanquished.

Vanquished Creatures (others)
  10 plants (D:2)
10 creatures vanquished.

Grand Total: 60 creatures vanquished

Notes
Turn   | Place    | Note
-------+----------+-------------------------------------------
     0 | D:1      | seaoflcl the Hill Orc Fighter began the quest for the Orb.
     0 | D:1      | Reached XP level 1. HP: 19/19 MP: 1/1
   203 | D:1      | Reached XP level 2. HP: 11/27 MP: 2/2
   403 | D:1      | Found a roughly hewn altar of Beogh.
   426 | D:1      | Found a faded altar of an unknown god.
   763 | D:1      | Reached skill level 4 in Fighting
   875 | D:1      | Reached XP level 3. HP: 33/33 MP: 3/3
  2139 | D:2      | Reached XP level 4. HP: 39/40 MP: 4/4
  2469 | D:3      | Killed from afar by an orc wizard

Illustrated notes

Levels and vault maps discovered:
D:1:      grunt_arrival_lava_bath, layout_basic,
          hellmonk_ecumenical_altar_defaced_shrine,
          amcnicky_mini_rare_corridor_liquid
D:2:      wad_lake_hut, layout_loops_cross
D:3:      layout_loops_ring, uniq_ijyb, uniq_natasha

Skill      XL: |  1  2  3 |
---------------+----------+-----
Fighting       | 4 |  4.2
Long Blades    | 3 |  3.0
Armour         | |  3.7
Shields        | |  3.9
Spellcasting   | |  0.1

Action                   |  1- 3 |  4- 6 || total
-------------------------+-------+-------++-------
Melee: Long sword        |   157 |    22 ||   179
Armor: Scale mail        |    92 |    21 ||   113
Dodge: Dodged            |    74 |    16 ||    90
Block: Buckler           |    43 |     7 ||    50
